 Seeded DCSS version 0.30.1-9-gdf580d7c3d (webtiles) character file.

Game seed: 10807635437342793882 (custom seed)

1 Psyclone the Conjurer (level 1, 10/10 HPs)
             Began as a Deep Elf Conjurer on Oct 2, 2023.
             Quit the game on level 1 of the Dungeon.
             The game lasted 00:00:13 (15 turns).

Psyclone the Conjurer (Deep Elf Conjurer)             Turns: 15, Time: 00:00:13

Health: 10/10      AC:  2    Str:  4    XL:     1   Next: 16%
Magic:  3/6        EV: 12    Int: 22    God:
Gold:   0          SH:  0    Dex: 13    Spells: 5/6 levels left

rFire   . . .        (no weapon)
rCold   . . .        (no shield)
rNeg    . . .        a - +0 robe
rPois   .            (no helmet)
rElec   .            (no cloak)
rCorr   .            (no gloves)
SInv    .            (no boots)
Will    .....        (no amulet)
Stlth   ++           (no ring)
HPRegen 0.21/turn    (no ring)
MPRegen 0.10/turn

%: no passive effects
@: no status effects
A: no striking features
a: no special abilities


You were on level 1 of the Dungeon.
You visited 1 branch of the dungeon, and saw 1 of its levels.

Inventory:

Armour
 a - a +0 robe (worn)
Potions
 b - a potion of magic


   Skills:
 + Level 2.4 Dodging
 + Level 2.4 Stealth
 + Level 3.0 Spellcasting
 + Level 4.4 Conjurations


You had 5 spell levels left.
You knew the following spells:

 Your Spells              Type           Power      Damage    Failure   Level
a - Magic Dart            Conj           88%        1d7       1%          1

Your spell library contained the following spells:

 Spells                   Type           Power      Damage    Failure   Level
 Searing Ray              Conj           44%        2d6       3%          2
 Dazzling Flash           Conj/Hex       26%        N/A       16%         3
 Fulminant Prism          Conj/Hex       6%         3d7       45%         4
 Iskenderun's Mystic Bla  Conj/Tloc      13%        2d5       45%         4


Dungeon Overview and Level Annotations

Branches:
Dungeon (1/15) Zot: 5985

Altars:


Message History

Welcome, Psyclone the Deep Elf Conjurer.
Game seed: 10807635437342793882 (custom seed) Press ? for a list of commands and other information.
Found a staircase leading out of the dungeon.
You open the door.
Found 10 gold pieces.
There is an open door here.
Found 10 gold pieces.
Found a fizzy golden potion.
A giant cockroach comes into view.
Found 3 gold pieces.
Casting: Magic Dart (safe; 1% risk of failure)
Confirm with . or Enter, or press ? or * to list all spells.
Aiming: Magic Dart (safe; 1% risk of failure)
Press: ? - help, Shift-Dir - straight line, f - giant cockroach
Aim: a giant cockroach (100% to hit)
The magic dart hits the giant cockroach.
The giant cockroach is moderately wounded.
You now have 5/6 mp.
Casting: Magic Dart (safe; 1% risk of failure)
Confirm with . or Enter, or press ? or * to list all spells.
Aiming: Magic Dart (safe; 1% risk of failure)
Press: ? - help, Shift-Dir - straight line, f/p - giant cockroach
Aim: a giant cockroach (moderately wounded, 100% to hit)
The magic dart hits the giant cockroach.
The giant cockroach is almost dead.
The giant cockroach closely misses you.
You now have 4/6 mp.
Casting: Magic Dart (safe; 1% risk of failure)
Confirm with . or Enter, or press ? or * to list all spells.
Aiming: Magic Dart (safe; 1% risk of failure)
Press: ? - help, Shift-Dir - straight line, f/p - giant cockroach
Aim: a giant cockroach (almost dead, 100% to hit)
The magic dart hits the giant cockroach.
You kill the giant cockroach!
You now have 3/6 mp.
Unknown command.
Unknown command.
Are you sure you want to abandon this character and quit the game? (Confirm with "yes".)

....... ... .......
.....
.......####.$....
............!....
.................
........$......
#...........
#..@........
#......#######+#####
#......# #.........#
#......###.........#
#..........#..⌠...⌠..#
#..........#.........#
#..........'....<....+
#..........#.........#
#..........#..⌠...⌠..#


There were no monsters in sight!

Vanquished Creatures
  A giant cockroach (D:1)
1 creature vanquished.

Notes
Turn   | Place    | Note
-------+----------+-------------------------------------------
     0 | D:1      | Psyclone the Deep Elf Conjurer began the quest for the Orb.
     0 | D:1      | Reached XP level 1. HP: 10/10 MP: 6/6
    15 | D:1      | Quit the game

Illustrated notes

Levels and vault maps discovered:
D:1:      mushboom_english_gardens, layout_basic,
          dreamdust_ecumenical_altar_drowned_temple

Action                     || total
---------------------------++-------
   Cast: Magic Dart        ||     3
  Dodge: Dodged            ||     1
